Lightning vs Rangers

Created - April 28, 2019 at 19:13

Goals
1 2 3 T
Lightning 0 2 2 4
Rangers 2 0 1 3
Shots
1 2 3 T
Lightning 11 9 16 36
Rangers 10 7 5 22

1st period

1. Rangers , Matt Read 14 (Luke Schenn 48, Artem Anisimov 7) at 11:30
2. Rangers , Jakob Silfverberg 34 (Patrice Bergeron 46, Mark Fistric 28) at 12:12

Penalties :
Gustav Nyquist (NYR) for Roughing (Minor) at 3:30, Gabriel Landeskog (TB.) for Goalie Interference (Minor) at 9:15, Henrik Zetterberg (TB.) for High sticking (Minor) at 17:54, Danny Richmond (TB.) for Tripping (Minor) at 18:01

2nd period

3. Lightning , Gabriel Landeskog 16 (Sheldon Keefe 10, Jan Bulis 20) at 9:05
4. Lightning , Gabriel Landeskog 17 (Sheldon Keefe 11, Justin Schultz 34) at 16:12

Penalties :
Luke Schenn (NYR) for Cross-checking (Minor) at 0:57, Jan Bulis (TB.) for High sticking (Minor) at 5:35, Jakob Silfverberg (NYR) for Tripping (Minor) at 9:45, Robert Nilsson (TB.) for Holding (Minor) at 16:31

3rd period

5. Lightning , Sheldon Keefe 11 (Justin Schultz 35) at 18:47
6. Lightning , Henrik Zetterberg 34 (Robert Nilsson 63) at 19:44
7. Rangers , Alex Tanguay 22 (Sean Couturier 29, Gustav Nyquist 24) at 19:58

Penalties :
Stephen Weiss (NYR) for Boarding (Minor) at 0:54, Henrik Zetterberg (TB.) for Hooking (Minor) at 9:44

Goalie Stats

Jaroslav Halak (TB.), 19 saves from 22 shots - (0.864), W, 37-22-5, 60:00 minutes
Frederik Andersen (NYR), 32 saves from 36 shots - (0.889), L, 27-28-7, 60:00 minutes

Players Stats for Lightning

Player Name              G  A  P  +/- PIM S  H  SB GA TA FO     MP     PP MP  PK MP  
------------------------------------------------------------------------------------
Andy Rogers              0  0  0  -2  0   3  0  2  0  1  0/0    26:53   4:28   5:34 
Daniel Carcillo          0  0  0  -1  0   4  1  0  0  0  0/0    14:15   3:41   0:22 
Danny Richmond           0  0  0   3  2   0  1  2  0  1  0/0    20:21   3:28   3:35 
Gabriel Landeskog        2  0  2   1  2   2  4  0  0  1  1/2    12:49   0:08   1:44 
Henrik Zetterberg        1  0  1   1  4   3  5  1  1  1  0/1    19:38   4:07   1:24 
Jan Bulis                0  1  1   1  2   3  1  1  0  1  2/5    11:27   0:00   0:41 
Jeff Schultz             0  0  0  -2  0   0  0  2  0  0  0/0    27:00   4:28   5:41 
Jordan Nolan             0  0  0  -1  0   5  0  0  2  0  5/10   17:17   3:41   3:02 
Justin Schultz           0  2  2   3  0   3  0  0  1  1  0/0    21:04   3:28   4:30 
Kris Versteeg            0  0  0   1  0   3  3  1  1  0  0/1    22:44   4:10   4:35 
Kurt Sauer               0  0  0   0  0   0  0  0  0  0  0/0    12:05   0:00   0:00 
Matt Tennyson            0  0  0   0  0   0  0  1  0  0  0/0    12:48   0:00   0:43 
Mikael Backlund          0  0  0   0  0   2  0  0  1  0  2/3     6:31   0:00   0:00 
Pierre-Luc Létourneau    0  0  0   0  0   0  3  1  0  0  2/3     8:50   0:00   2:19 
Reilly Smith             0  0  0   0  0   1  1  0  0  0  0/0     7:09   0:05   0:00 
Robert Nilsson           0  1  1   1  2   4  1  1  1  0  18/28  22:13   4:10   4:05 
Sheldon Keefe            1  2  3   1  0   3  1  0  0  0  0/0    11:03   0:05   0:00 
Steve Bernier            0  0  0  -1  0   0  1  0  0  0  0/0    13:53   3:41   0:00 

Players Stats for Rangers

Player Name              G  A  P  +/- PIM S  H  SB GA TA FO     MP     PP MP  PK MP  
------------------------------------------------------------------------------------
Alex Tanguay             1  0  1  -1  0   3  2  0  0  0  0/0    11:05   0:42   2:35 
Artem Anisimov           0  1  1   1  0   1  1  0  0  0  1/2     7:41   0:14   0:00 
Cam Barker               0  0  0   1  0   2  1  5  1  0  0/0    24:03   4:09   4:49 
Chris Bourque            0  0  0   1  0   2  1  0  0  0  0/0     8:20   0:00   0:51 
Colten Teubert           0  0  0   0  0   0  2  0  0  0  0/0    13:04   0:00   0:00 
Gustav Nyquist           0  1  1  -1  2   1  1  2  1  0  0/1    13:21   4:09   0:00 
Jakob Silfverberg        1  0  1  -1  2   3  2  1  1  1  0/1    23:31   5:17   2:51 
James Neal               0  0  0   0  0   0  3  0  0  0  0/0    19:24   5:17   0:00 
Kyle Okposo              0  0  0   0  0   0  1  0  0  0  0/0    15:38   4:03   0:00 
Luke Schenn              0  1  1   2  2   1  2  2  0  1  0/0    23:47   5:53   2:35 
Mark Fistric             0  1  1  -3  0   0  1  1  1  1  0/0    16:25   0:03   3:45 
Matt Greene              0  0  0   0  0   0  0  0  0  0  0/0    13:52   0:00   0:32 
Matt Read                1  0  1   1  0   3  2  0  0  0  0/0     8:05   0:42   0:00 
Milan Lucic              0  0  0  -1  0   2  0  1  1  0  1/8    20:23   4:03   3:51 
Patrice Bergeron         0  1  1  -1  0   3  1  0  0  3  12/21  23:47   5:17   3:13 
Ryan Suter               0  0  0  -3  0   0  1  1  0  0  0/0    17:22   0:00   4:11 
Sean Couturier           0  1  1   0  0   1  1  0  0  1  3/8    15:47   6:18   1:22 
Stephen Weiss            0  0  0   0  2   0  2  0  1  0  6/12   16:25   4:03   1:09 

3 Stars

1 - Sheldon Keefe (TB.)
2 - Gabriel Landeskog (TB.)
3 - Justin Schultz (TB.)

Power Play

Lightning - 0 on 4 Attempt(s) - 0.00%
Rangers - 0 on 6 Attempt(s) - 0.00%

Penalty Kill

Lightning - 6 on 6 Attempt(s) - 100.00% - Score 0 goal in Penalty Kill
Rangers - 4 on 4 Attempt(s) - 100.00% - Score 0 goal in Penalty Kill

Team Stat

Lightning - Hits : 22 - Faceoff Wins : 30 - Blocked Shots : 12 - Penalty Minutes : 12
Rangers - Hits : 24 - Faceoff Wins : 23 - Blocked Shots : 13 - Penalty Minutes : 8

Official

Referees : Unknown
Linesman : Unknown

Game Notes

No Game Note

Finance

Level 1 -- Attendance: 4730 (78.83%) -- Ticket Income $449,350
Level 2 -- Attendance: 3991 (79.82%) -- Ticket Income $239,460
Level 3 -- Attendance: 1762 (88.10%) -- Ticket Income $61,670
Level 4 -- Attendance: 3454 (86.35%) -- Ticket Income $86,350
Luxury Box -- Attendance: 768 (76.80%) -- Ticket Income $138,240
Game was played at the Madison Square Garden.
Total Attendance: 14705 (81.69%)
Total Ticket Income: $975,070
Other Income: $146,260
Total Income: $1,121,330

Lightning

5 vs 5 Forward 
   Center                   Left Wing                Right Wing               Time % Phy DF OF 
 1 Robert Nilsson           Henrik Zetterberg        Kris Versteeg            40     1   2  2  
 2 Jordan Nolan             Daniel Carcillo          Steve Bernier            30     1   2  2  
 3 Jan Bulis                Gabriel Landeskog        Sheldon Keefe            20     1   2  2  
 4 Mikael Backlund          Pierre-Luc Létourneau    Reilly Smith             10     1   2  2  

5 vs 5 Defense 
   Defense                  Defense                                           Time % Phy DF OF 
 1 Jeff Schultz             Andy Rogers                                       40     1   2  2  
 2 Justin Schultz           Danny Richmond                                    30     1   2  2  
 3 Kurt Sauer               Matt Tennyson                                     20     1   2  2  
 4 Jeff Schultz             Andy Rogers                                       10     1   2  2  

PowerPlay Forward 
   Center                   Left Wing                Right Wing               Time % Phy DF OF 
 1 Robert Nilsson           Henrik Zetterberg        Kris Versteeg            60     1   2  2  
 2 Jordan Nolan             Daniel Carcillo          Steve Bernier            40     1   2  2  

PowerPlay Defense
   Defense                  Defense                                           Time % Phy DF OF 
 1 Jeff Schultz             Andy Rogers                                       60     1   2  2  
 2 Justin Schultz           Danny Richmond                                    40     1   2  2  

Penalty Kill 4 Players Forward 
   Center                   Wing                     Time % Phy DF OF 
 1 Robert Nilsson           Kris Versteeg            60     1   2  2  
 2 Henrik Zetterberg        Jordan Nolan             40     1   2  2  

Penalty Kill 4 Players Defense
   Defense                  Defense                  Time % Phy DF OF 
 1 Jeff Schultz             Andy Rogers              60     1   2  2  
 2 Justin Schultz           Danny Richmond           40     1   2  2  

Penalty Kill - 3 Players Forward 
   Forward                                           Time % Phy DF OF 
 1 Robert Nilsson                                    60     1   2  2  
 2 Kris Versteeg                                     40     1   2  2  

Penalty Kill - 3 Players Defense
   Defense                  Defense                  Time % Phy DF OF 
 1 Jeff Schultz             Andy Rogers              60     1   2  2  
 2 Justin Schultz           Danny Richmond           40     1   2  2  

4 vs 4 Forward 
   Center                   Wing                     Time % Phy DF OF 
 1 Robert Nilsson           Kris Versteeg            60     1   2  2  
 2 Henrik Zetterberg        Jordan Nolan             40     1   2  2  

4 vs 4 Defense
   Defense                  Defense                  Time % Phy DF OF 
 1 Jeff Schultz             Andy Rogers              60     1   2  2  
 2 Justin Schultz           Danny Richmond           40     1   2  2  

Last Minutes Offensive
   Center                   Left Wing                Right Wing               Defense                  Defense                  
   Robert Nilsson           Henrik Zetterberg        Kris Versteeg            Jeff Schultz             Andy Rogers              

Last Minutes Defensive
   Center                   Left Wing                Right Wing               Defense                  Defense                  
   Robert Nilsson           Henrik Zetterberg        Kris Versteeg            Jeff Schultz             Andy Rogers              

Goaltenders
Starting : Jaroslav Halak           
Backup : Adam Munro               

Extra Forwards
Normal : Gabriel Landeskog, Sheldon Keefe, Pierre-Luc Létourneau - PP : Gabriel Landeskog, Sheldon Keefe - PK : Pierre-Luc Létourneau
Extra Defensemen
Normal : Kurt Sauer, Matt Tennyson, Justin Schultz - PP : Kurt Sauer - PK : Matt Tennyson, Justin Schultz
Penalty Shots
Robert Nilsson, Kris Versteeg, Henrik Zetterberg, Jordan Nolan, Daniel Carcillo

Scratches
John Carlson (Healthy)

Rangers

5 vs 5 Forward 
   Center                   Left Wing                Right Wing               Time % Phy DF OF 
 1 Patrice Bergeron         James Neal               Jakob Silfverberg        40     1   2  2  
 2 Stephen Weiss            Milan Lucic              Kyle Okposo              30     1   2  2  
 3 Sean Couturier           Alex Tanguay             Gustav Nyquist           20     1   2  2  
 4 Artem Anisimov           Chris Bourque            Matt Read                10     1   2  2  

5 vs 5 Defense 
   Defense                  Defense                                           Time % Phy DF OF 
 1 Luke Schenn              Cam Barker                                        35     1   2  2  
 2 Ryan Suter               Mark Fistric                                      30     1   2  2  
 3 Matt Greene              Colten Teubert                                    30     1   2  2  
 4 Luke Schenn              Cam Barker                                        5      1   2  2  

PowerPlay Forward 
   Center                   Left Wing                Right Wing               Time % Phy DF OF 
 1 Patrice Bergeron         James Neal               Jakob Silfverberg        60     1   2  2  
 2 Stephen Weiss            Milan Lucic              Kyle Okposo              40     1   2  2  

PowerPlay Defense
   Defense                  Defense                                           Time % Phy DF OF 
 1 Sean Couturier           Luke Schenn                                       60     1   2  2  
 2 Gustav Nyquist           Cam Barker                                        40     1   2  2  

Penalty Kill 4 Players Forward 
   Center                   Wing                     Time % Phy DF OF 
 1 Milan Lucic              Jakob Silfverberg        60     1   2  2  
 2 Patrice Bergeron         Stephen Weiss            40     1   2  2  

Penalty Kill 4 Players Defense
   Defense                  Defense                  Time % Phy DF OF 
 1 Cam Barker               Ryan Suter               60     1   2  2  
 2 Mark Fistric             Luke Schenn              40     1   2  2  

Penalty Kill - 3 Players Forward 
   Forward                                           Time % Phy DF OF 
 1 Jakob Silfverberg                                 60     1   2  2  
 2 Milan Lucic                                       40     1   2  2  

Penalty Kill - 3 Players Defense
   Defense                  Defense                  Time % Phy DF OF 
 1 Mark Fistric             Luke Schenn              60     1   2  2  
 2 Cam Barker               Ryan Suter               40     1   2  2  

4 vs 4 Forward 
   Center                   Wing                     Time % Phy DF OF 
 1 Patrice Bergeron         Milan Lucic              60     1   2  2  
 2 Jakob Silfverberg        James Neal               40     1   2  2  

4 vs 4 Defense
   Defense                  Defense                  Time % Phy DF OF 
 1 Luke Schenn              Cam Barker               60     1   2  2  
 2 Ryan Suter               Mark Fistric             40     1   2  2  

Last Minutes Offensive
   Center                   Left Wing                Right Wing               Defense                  Defense                  
   Milan Lucic              Patrice Bergeron         Jakob Silfverberg        Mark Fistric             Ryan Suter               

Last Minutes Defensive
   Center                   Left Wing                Right Wing               Defense                  Defense                  
   Milan Lucic              Patrice Bergeron         Jakob Silfverberg        Mark Fistric             Ryan Suter               

Goaltenders
Starting : Frederik Andersen        
Backup : Braden Holtby            

Extra Forwards
Normal : Kyle Okposo, Gustav Nyquist, Sean Couturier - PP : Milan Lucic, Jakob Silfverberg - PK : Patrice Bergeron
Extra Defensemen
Normal : Colten Teubert, Cam Barker, Luke Schenn - PP : Mark Fistric - PK : Ryan Suter, Matt Greene
Penalty Shots
Kyle Okposo, Gustav Nyquist, Sean Couturier, Milan Lucic, Jakob Silfverberg

Scratches
Alexei Emelin (Healthy)

% Time on Ice - Lightning

Lines # - Real PCT - Wanted PCT - Time Play
Normal Forward
1 - 33% - 40% - 13:34
2 - 26% - 30% - 10:34
3 - 25% - 20% - 10:25
4 - 16% - 10% - 6:31
Normal Defense
1 - 38% - 40% - 15:42
2 - 32% - 30% - 13:06
3 - 27% - 20% - 11:08
4 - 3% - 10% - 1:08
PP Forward
1 - 54% - 60% - 4:15
2 - 46% - 40% - 3:41
PP Defense
1 - 56% - 60% - 4:28
2 - 44% - 40% - 3:28
PK Forward
1 - 78% - 60% - 6:23
2 - 22% - 40% - 1:47
PK Defense
1 - 55% - 60% - 4:28
2 - 45% - 40% - 3:42
PK3 Forward
1 - 79% - 60% - 1:28
2 - 21% - 40% - 0:24
PK3 Defense
1 - 57% - 60% - 1:04
2 - 43% - 40% - 0:48
44 Forward
1 - 0% - 60%
2 - 0% - 40%
44 Defense
1 - 0% - 60%
2 - 0% - 40%
Last Minute Offensive  - 0:00
Last Minute Defensive  - 0:58
Total
Forward - 60:00
Defense - 60:00

% Time on Ice - Rangers

Lines # - Real PCT - Wanted PCT - Time Play
Normal Forward
1 - 36% - 40% - 14:37
2 - 27% - 30% - 11:14
3 - 19% - 20% - 7:47
4 - 18% - 10% - 7:26
Normal Defense
1 - 35% - 35% - 14:32
2 - 32% - 30% - 13:13
3 - 32% - 30% - 13:04
4 - 1% - 5% - 0:15
PP Forward
1 - 56% - 60% - 5:38
2 - 44% - 40% - 4:24
PP Defense
1 - 59% - 60% - 5:53
2 - 41% - 40% - 4:09
PK Forward
1 - 75% - 60% - 5:58
2 - 25% - 40% - 1:58
PK Defense
1 - 53% - 60% - 4:10
2 - 47% - 40% - 3:46
PK3 Forward
1 - 0% - 60%
2 - 0% - 40%
PK3 Defense
1 - 0% - 60%
2 - 0% - 40%
44 Forward
1 - 0% - 60%
2 - 0% - 40%
44 Defense
1 - 0% - 60%
2 - 0% - 40%
Last Minute Offensive  - 0:58
Last Minute Defensive  - 0:00
Total
Forward - 60:00
Defense - 60:00

Play-by-Play

1st period


0:01 of 1st period - Patrice Bergeron wins face-off versus Robert Nilsson in neutral zone.
0:49 of 1st period - Snap shot by Gustav Nyquist.
0:49 of 1st period - Shot Blocked by Danny Richmond.
0:51 of 1st period - Slapshot by Cam Barker.
0:51 of 1st period - Stopped by Jaroslav Halak without a rebound.
0:52 of 1st period - Sean Couturier wins face-off versus Mikael Backlund in Lightning zone.
0:53 of 1st period - Wrist shot by Alex Tanguay.
0:53 of 1st period - Shot Misses the Net.
0:59 of 1st period - Wrist shot by Sean Couturier.
0:59 of 1st period - Shot Misses the Net.
1:01 of 1st period - Slapshot by Mark Fistric.
1:01 of 1st period - Shot Misses the Net.
1:42 of 1st period - Kurt Sauer is hit by James Neal and loses puck.
2:05 of 1st period - Slapshot by Justin Schultz.
2:05 of 1st period - Stopped by Frederik Andersen without a rebound.
2:06 of 1st period - Robert Nilsson wins face-off versus Stephen Weiss in Rangers zone.
2:09 of 1st period - Wrist shot by Kris Versteeg.
2:09 of 1st period - Stopped by Frederik Andersen without a rebound.
2:10 of 1st period - Stephen Weiss wins face-off versus Robert Nilsson in Rangers zone.
2:42 of 1st period - Backhand shot by Patrice Bergeron.
2:42 of 1st period - Shot Misses the Net.
3:13 of 1st period - Snap shot by Chris Bourque.
3:13 of 1st period - Stopped by Jaroslav Halak without a rebound.
3:14 of 1st period - Robert Nilsson wins face-off versus Gustav Nyquist in Lightning zone.
3:14 of 1st period - Robert Nilsson is hit by Luke Schenn.
3:22 of 1st period - Alex Tanguay is hit by Robert Nilsson and loses puck.
3:30 of 1st period - Minor Penalty to Gustav Nyquist for Roughing.
3:31 of 1st period - Robert Nilsson wins face-off versus Milan Lucic in Rangers zone.
3:33 of 1st period - Snap shot by Henrik Zetterberg.
3:33 of 1st period - Deflect By Robert Nilsson.
3:33 of 1st period - Stopped by Frederik Andersen without a rebound.
3:34 of 1st period - Robert Nilsson wins face-off versus Jakob Silfverberg in Rangers zone.
4:25 of 1st period - Jordan Nolan is hit by Luke Schenn and loses puck.
4:40 of 1st period - Mark Fistric is hit by Henrik Zetterberg.
5:30 of 1st period - Penalty to Gustav Nyquist is over, Gustav Nyquist is back on ice.
5:41 of 1st period - Wrist shot by Jakob Silfverberg.
5:41 of 1st period - Stopped by Jaroslav Halak without a rebound.
5:42 of 1st period - Artem Anisimov wins face-off versus Gabriel Landeskog in Lightning zone.
5:45 of 1st period - Wrist shot by Matt Read.
5:45 of 1st period - Stopped by Jaroslav Halak with a rebound.
6:08 of 1st period - Off-side.
6:09 of 1st period - Mikael Backlund wins face-off versus Sean Couturier in neutral zone.
6:40 of 1st period - Icing by Robert Nilsson.
6:41 of 1st period - Robert Nilsson wins face-off versus Patrice Bergeron in Lightning zone.
7:00 of 1st period - Wrist shot by Robert Nilsson.
7:00 of 1st period - Stopped by Frederik Andersen with a rebound.
7:03 of 1st period - Icing by Patrice Bergeron.
7:04 of 1st period - Jordan Nolan wins face-off versus Patrice Bergeron in Rangers zone.
7:17 of 1st period - Snap shot by Steve Bernier.
7:17 of 1st period - Shot Misses the Net.
7:19 of 1st period - Snap shot by Steve Bernier.
7:19 of 1st period - Shot Misses the Net.
7:53 of 1st period - Wrist shot by Gustav Nyquist.
7:53 of 1st period - Stopped by Jaroslav Halak without a rebound.
7:54 of 1st period - Jordan Nolan wins face-off versus Sean Couturier in Lightning zone.
8:05 of 1st period - Slapshot by Alex Tanguay.
8:05 of 1st period - Shot Misses the Net.
8:19 of 1st period - Mark Fistric is hit by Kris Versteeg and loses puck.
8:50 of 1st period - Artem Anisimov is hit by Gabriel Landeskog and loses puck.
9:00 of 1st period - Icing by Danny Richmond.
9:01 of 1st period - Patrice Bergeron wins face-off versus Jan Bulis in Lightning zone.
9:02 of 1st period - Wrist shot by Jakob Silfverberg.
9:02 of 1st period - Stopped by Jaroslav Halak with a rebound.
9:13 of 1st period - Slapshot by Cam Barker.
9:13 of 1st period - Stopped by Jaroslav Halak with a rebound.
9:15 of 1st period - Minor Penalty to Gabriel Landeskog for Goalie Interference.
9:16 of 1st period - Robert Nilsson wins face-off versus Patrice Bergeron in Lightning zone.
10:28 of 1st period - Snap shot by Daniel Carcillo.
10:28 of 1st period - Shot Blocked by Cam Barker.
11:15 of 1st period - Penalty to Gabriel Landeskog is over, Gabriel Landeskog is back on ice.
11:28 of 1st period - Slapshot by Matt Read.
11:28 of 1st period - Shot Blocked by Andy Rogers.
11:30 of 1st period - Snap shot by Matt Read.
11:30 of 1st period - Goal by Matt Read - Lightning : 0 - Rangers : 1.
11:31 of 1st period - Robert Nilsson wins face-off versus Stephen Weiss in neutral zone.
12:12 of 1st period - Wrist shot by Jakob Silfverberg.
12:12 of 1st period - Goal by Jakob Silfverberg - Lightning : 0 - Rangers : 2.
12:13 of 1st period - Robert Nilsson wins face-off versus Patrice Bergeron in neutral zone.
12:16 of 1st period - Snap shot by Kris Versteeg.
12:16 of 1st period - Shot Misses the Net.
12:20 of 1st period - Snap shot by Robert Nilsson.
12:20 of 1st period - Shot Blocked by Jakob Silfverberg.
12:44 of 1st period - Snap shot by James Neal.
12:44 of 1st period - Shot Misses the Net.
13:08 of 1st period - Slapshot by Justin Schultz.
13:08 of 1st period - Deflect By Reilly Smith.
13:08 of 1st period - Stopped by Frederik Andersen without a rebound.
13:09 of 1st period - Patrice Bergeron wins face-off versus Robert Nilsson in Rangers zone.
13:09 of 1st period - Patrice Bergeron is hit by Henrik Zetterberg.
13:29 of 1st period - Henrik Zetterberg is hit by Colten Teubert and loses puck.
13:57 of 1st period - Snap shot by Jakob Silfverberg.
13:57 of 1st period - Shot Misses the Net.
14:04 of 1st period - Off-side.
14:05 of 1st period - Jordan Nolan wins face-off versus Stephen Weiss in neutral zone.
14:32 of 1st period - Andy Rogers is hit by Mark Fistric.
14:56 of 1st period - Wrist shot by Jan Bulis.
14:56 of 1st period - Stopped by Frederik Andersen with a rebound.
14:58 of 1st period - Slapshot by Andy Rogers.
14:58 of 1st period - Stopped by Frederik Andersen with a rebound.
15:02 of 1st period - Slapshot by Sheldon Keefe.
15:02 of 1st period - Shot Blocked by Cam Barker.
15:06 of 1st period - Snap shot by Sheldon Keefe.
15:06 of 1st period - Stopped by Frederik Andersen without a rebound.
15:07 of 1st period - Stephen Weiss wins face-off versus Jordan Nolan in Rangers zone.
15:32 of 1st period - Robert Nilsson is hit by Jakob Silfverberg and loses puck.
15:42 of 1st period - James Neal is hit by Kris Versteeg and loses puck.
16:04 of 1st period - Sean Couturier is hit by Jan Bulis and loses puck.
16:21 of 1st period - Matt Tennyson is hit by Chris Bourque and loses puck.
16:36 of 1st period - Kyle Okposo is hit by Daniel Carcillo.
16:48 of 1st period - Slapshot by Justin Schultz.
16:48 of 1st period - Stopped by Frederik Andersen with a rebound.
17:08 of 1st period - Wrist shot by Robert Nilsson.
17:08 of 1st period - Stopped by Frederik Andersen without a rebound.
17:09 of 1st period - Jordan Nolan wins face-off versus Patrice Bergeron in Rangers zone.
17:36 of 1st period - Mark Fistric is hit by Henrik Zetterberg and loses puck.
17:54 of 1st period - Minor Penalty to Henrik Zetterberg for High sticking.
17:55 of 1st period - Patrice Bergeron wins face-off versus Robert Nilsson in Lightning zone.
18:01 of 1st period - Minor Penalty to Danny Richmond for Tripping.
18:02 of 1st period - Patrice Bergeron wins face-off versus Robert Nilsson in Lightning zone.
18:02 of 1st period - Snap shot by Jakob Silfverberg.
18:02 of 1st period - Shot Blocked by Robert Nilsson.
18:04 of 1st period - Slapshot by Luke Schenn.
18:04 of 1st period - Shot Blocked by Jeff Schultz.
18:06 of 1st period - Snap shot by Patrice Bergeron.
18:06 of 1st period - Shot Misses the Net.
18:41 of 1st period - Slapshot by Luke Schenn.
18:41 of 1st period - Stopped by Jaroslav Halak with a rebound.
18:43 of 1st period - Snap shot by Milan Lucic.
18:43 of 1st period - Shot Blocked by Matt Tennyson.
19:15 of 1st period - Slapshot by Andy Rogers.
19:15 of 1st period - Shot Blocked by Cam Barker.
19:51 of 1st period - Backhand shot by Jordan Nolan.
19:51 of 1st period - Stopped by Frederik Andersen without a rebound.
19:52 of 1st period - Patrice Bergeron wins face-off versus Jordan Nolan in Rangers zone.
19:54 of 1st period - Penalty to Henrik Zetterberg is over, Henrik Zetterberg is back on ice.
Goals for this period are 0 for Lightning vs 2 for Rangers.
Shots for this period are 11 for Lightning vs 10 for Rangers.

2nd period


0:01 of 2nd period - Penalty to Danny Richmond is over, Danny Richmond is back on ice.
0:01 of 2nd period - Robert Nilsson wins face-off versus Patrice Bergeron in neutral zone.
0:08 of 2nd period - Slapshot by Sean Couturier.
0:08 of 2nd period - Shot Misses the Net.
0:10 of 2nd period - Snap shot by Sean Couturier.
0:10 of 2nd period - Stopped by Jaroslav Halak with a rebound.
0:12 of 2nd period - Snap shot by Patrice Bergeron.
0:12 of 2nd period - Stopped by Jaroslav Halak without a rebound.
0:13 of 2nd period - Patrice Bergeron wins face-off versus Jordan Nolan in Lightning zone.
0:28 of 2nd period - Snap shot by James Neal.
0:28 of 2nd period - Shot Misses the Net.
0:40 of 2nd period - Stephen Weiss is hit by Henrik Zetterberg and loses puck.
0:45 of 2nd period - Wrist shot by Robert Nilsson.
0:45 of 2nd period - Shot Misses the Net.
0:51 of 2nd period - Snap shot by Kris Versteeg.
0:51 of 2nd period - Shot Blocked by Milan Lucic.
0:57 of 2nd period - Minor Penalty to Luke Schenn for Cross-checking.
0:58 of 2nd period - Robert Nilsson wins face-off versus Milan Lucic in Rangers zone.
1:38 of 2nd period - Wrist shot by Jordan Nolan.
1:38 of 2nd period - Shot Blocked by Cam Barker.
2:57 of 2nd period - Penalty to Luke Schenn is over, Luke Schenn is back on ice.
3:03 of 2nd period - Luke Schenn is hit by Gabriel Landeskog and loses puck.
3:24 of 2nd period - Wrist shot by Matt Read.
3:24 of 2nd period - Shot Misses the Net.
3:53 of 2nd period - Wrist shot by James Neal.
3:53 of 2nd period - Shot Blocked by Jeff Schultz.
3:59 of 2nd period - Jeff Schultz is hit by Patrice Bergeron and loses puck.
4:18 of 2nd period - Steve Bernier is hit by Matt Read and loses puck.
4:31 of 2nd period - Wrist shot by Henrik Zetterberg.
4:31 of 2nd period - Stopped by Frederik Andersen with a rebound.
4:33 of 2nd period - Slapshot by Andy Rogers.
4:33 of 2nd period - Shot Misses the Net.
4:35 of 2nd period - Snap shot by Henrik Zetterberg.
4:35 of 2nd period - Deflect By Matt Greene.
4:35 of 2nd period - Stopped by Frederik Andersen without a rebound.
4:36 of 2nd period - Jan Bulis wins face-off versus Patrice Bergeron in Rangers zone.
4:37 of 2nd period - Wrist shot by Sheldon Keefe.
4:37 of 2nd period - Shot Blocked by Cam Barker.
4:44 of 2nd period - Off-side.
4:45 of 2nd period - Gabriel Landeskog wins face-off versus Patrice Bergeron in neutral zone.
4:58 of 2nd period - Snap shot by Patrice Bergeron.
4:58 of 2nd period - Shot Blocked by Jan Bulis.
5:35 of 2nd period - Minor Penalty to Jan Bulis for High sticking.
5:36 of 2nd period - Stephen Weiss wins face-off versus Robert Nilsson in Lightning zone.
5:42 of 2nd period - Wrist shot by Milan Lucic.
5:42 of 2nd period - Shot Misses the Net.
6:22 of 2nd period - Henrik Zetterberg is hit by Cam Barker and loses puck.
6:37 of 2nd period - Sean Couturier is hit by Pierre-Luc Létourneau and loses puck.
7:28 of 2nd period - Justin Schultz is hit by Alex Tanguay.
7:32 of 2nd period - Cam Barker is hit by Henrik Zetterberg.
7:35 of 2nd period - Penalty to Jan Bulis is over, Jan Bulis is back on ice.
8:00 of 2nd period - Wrist shot by Pierre-Luc Létourneau.
8:00 of 2nd period - Shot Blocked by Ryan Suter.
8:02 of 2nd period - Slapshot by Andy Rogers.
8:02 of 2nd period - Shot Misses the Net.
8:04 of 2nd period - Slapshot by Reilly Smith.
8:04 of 2nd period - Deflect By Pierre-Luc Létourneau.
8:04 of 2nd period - Deflect By Milan Lucic.
8:04 of 2nd period - Shot Blocked by Mark Fistric.
8:04 of 2nd period - Puck is out of play.
8:05 of 2nd period - Stephen Weiss wins face-off versus Jan Bulis in Rangers zone.
8:19 of 2nd period - Jan Bulis is hit by James Neal and loses puck.
8:30 of 2nd period - Kurt Sauer is hit by Colten Teubert and loses puck.
8:49 of 2nd period - Snap shot by Sheldon Keefe.
8:49 of 2nd period - Deflect By Jan Bulis.
8:49 of 2nd period - Stopped by Frederik Andersen with a rebound.
8:51 of 2nd period - Slapshot by Danny Richmond.
8:51 of 2nd period - Shot Blocked by Gustav Nyquist.
9:03 of 2nd period - Wrist shot by Sheldon Keefe.
9:03 of 2nd period - Stopped by Frederik Andersen with a rebound.
9:05 of 2nd period - Snap shot by Gabriel Landeskog.
9:05 of 2nd period - Goal by Gabriel Landeskog - Lightning : 1 - Rangers : 2.
9:06 of 2nd period - Robert Nilsson wins face-off versus Stephen Weiss in neutral zone.
9:45 of 2nd period - Minor Penalty to Jakob Silfverberg for Tripping.
9:46 of 2nd period - Robert Nilsson wins face-off versus Milan Lucic in Rangers zone.
10:27 of 2nd period - Alex Tanguay is hit by Kris Versteeg and loses puck.
11:45 of 2nd period - Penalty to Jakob Silfverberg is over, Jakob Silfverberg is back on ice.
12:12 of 2nd period - Kurt Sauer is hit by Artem Anisimov and loses puck.
12:27 of 2nd period - Matt Tennyson is hit by James Neal and loses puck.
13:21 of 2nd period - Danny Richmond is hit by Matt Read and loses puck.
13:36 of 2nd period - Gabriel Landeskog is hit by Stephen Weiss and loses puck.
13:49 of 2nd period - Wrist shot by Gustav Nyquist.
13:49 of 2nd period - Deflect By Alex Tanguay.
13:49 of 2nd period - Stopped by Jaroslav Halak without a rebound.
13:50 of 2nd period - Sean Couturier wins face-off versus Robert Nilsson in Lightning zone.
14:15 of 2nd period - Patrice Bergeron is hit by Steve Bernier and loses puck.
14:48 of 2nd period - Snap shot by Milan Lucic.
14:48 of 2nd period - Stopped by Jaroslav Halak with a rebound.
15:08 of 2nd period - Slapshot by Chris Bourque.
15:08 of 2nd period - Shot Blocked by Henrik Zetterberg.
15:10 of 2nd period - Wrist shot by Chris Bourque.
15:10 of 2nd period - Stopped by Jaroslav Halak with a rebound.
15:20 of 2nd period - Snap shot by Mikael Backlund.
15:20 of 2nd period - Stopped by Frederik Andersen without a rebound.
15:21 of 2nd period - Mikael Backlund wins face-off versus Sean Couturier in Rangers zone.
15:34 of 2nd period - Snap shot by Gustav Nyquist.
15:34 of 2nd period - Deflect By Pierre-Luc Létourneau.
15:34 of 2nd period - Shot Hit the Post.
15:34 of 2nd period - Puck is out of play.
15:35 of 2nd period - Patrice Bergeron wins face-off versus Robert Nilsson in Lightning zone.
15:36 of 2nd period - Slapshot by James Neal.
15:36 of 2nd period - Shot Misses the Net.
15:50 of 2nd period - Snap shot by Kris Versteeg.
15:50 of 2nd period - Shot Misses the Net.
15:52 of 2nd period - Wrist shot by Andy Rogers.
15:52 of 2nd period - Stopped by Frederik Andersen with a rebound.
16:12 of 2nd period - Wrist shot by Gabriel Landeskog.
16:12 of 2nd period - Goal by Gabriel Landeskog - Lightning : 2 - Rangers : 2.
16:13 of 2nd period - Robert Nilsson wins face-off versus Stephen Weiss in neutral zone.
16:31 of 2nd period - Minor Penalty to Robert Nilsson for Holding.
16:32 of 2nd period - Patrice Bergeron wins face-off versus Pierre-Luc Létourneau in Lightning zone.
16:35 of 2nd period - Snap shot by James Neal.
16:35 of 2nd period - Shot Misses the Net.
16:37 of 2nd period - Snap shot by James Neal.
16:37 of 2nd period - Shot Blocked by Pierre-Luc Létourneau.
17:05 of 2nd period - Kris Versteeg is hit by Sean Couturier.
17:41 of 2nd period - Gustav Nyquist is hit by Danny Richmond and loses puck.
18:31 of 2nd period - Penalty to Robert Nilsson is over, Robert Nilsson is back on ice.
18:36 of 2nd period - Slapshot by Matt Read.
18:36 of 2nd period - Stopped by Jaroslav Halak without a rebound.
18:37 of 2nd period - Pierre-Luc Létourneau wins face-off versus Artem Anisimov in Lightning zone.
19:12 of 2nd period - Slapshot by Jordan Nolan.
19:12 of 2nd period - Shot Blocked by Gustav Nyquist.
19:26 of 2nd period - Danny Richmond is hit by Kyle Okposo.
19:30 of 2nd period - Slapshot by Robert Nilsson.
19:30 of 2nd period - Stopped by Frederik Andersen with a rebound.
19:42 of 2nd period - Gustav Nyquist is hit by Gabriel Landeskog and loses puck.
19:59 of 2nd period - Snap shot by Patrice Bergeron.
19:59 of 2nd period - Stopped by Jaroslav Halak with a rebound.
Goals for this period are 2 for Lightning vs 0 for Rangers.
Shots for this period are 9 for Lightning vs 7 for Rangers.

3rd period


0:01 of 3rd period - Patrice Bergeron wins face-off versus Henrik Zetterberg in neutral zone.
0:06 of 3rd period - Wrist shot by Jakob Silfverberg.
0:06 of 3rd period - Shot Blocked by Kris Versteeg.
0:11 of 3rd period - Off-side.
0:12 of 3rd period - Patrice Bergeron wins face-off versus Robert Nilsson in neutral zone.
0:54 of 3rd period - Minor Penalty to Stephen Weiss for Boarding.
0:55 of 3rd period - Robert Nilsson wins face-off versus Milan Lucic in Rangers zone.
1:30 of 3rd period - Snap shot by Daniel Carcillo.
1:30 of 3rd period - Stopped by Frederik Andersen with a rebound.
1:32 of 3rd period - Wrist shot by Steve Bernier.
1:32 of 3rd period - Shot Misses the Net.
1:34 of 3rd period - Slapshot by Andy Rogers.
1:34 of 3rd period - Stopped by Frederik Andersen with a rebound.
1:36 of 3rd period - Wrist shot by Jordan Nolan.
1:36 of 3rd period - Stopped by Frederik Andersen with a rebound.
2:54 of 3rd period - Penalty to Stephen Weiss is over, Stephen Weiss is back on ice.
4:13 of 3rd period - Jeff Schultz is hit by Stephen Weiss and loses puck.
4:38 of 3rd period - Daniel Carcillo is hit by Ryan Suter and loses puck.
5:04 of 3rd period - Stephen Weiss is hit by Pierre-Luc Létourneau and loses puck.
6:12 of 3rd period - Wrist shot by Henrik Zetterberg.
6:12 of 3rd period - Shot Misses the Net.
6:45 of 3rd period - James Neal is hit by Sheldon Keefe and loses puck.
6:52 of 3rd period - Kurt Sauer is hit by Jakob Silfverberg and loses puck.
7:23 of 3rd period - Slapshot by James Neal.
7:23 of 3rd period - Shot Blocked by Danny Richmond.
7:47 of 3rd period - Snap shot by Henrik Zetterberg.
7:47 of 3rd period - Shot Misses the Net.
8:16 of 3rd period - Snap shot by Patrice Bergeron.
8:16 of 3rd period - Stopped by Jaroslav Halak without a rebound.
8:17 of 3rd period - Stephen Weiss wins face-off versus Jordan Nolan in Lightning zone.
8:20 of 3rd period - Snap shot by Milan Lucic.
8:20 of 3rd period - Stopped by Jaroslav Halak without a rebound.
8:21 of 3rd period - Stephen Weiss wins face-off versus Jordan Nolan in Lightning zone.
8:26 of 3rd period - Snap shot by Kyle Okposo.
8:26 of 3rd period - Shot Misses the Net.
8:57 of 3rd period - Slapshot by Daniel Carcillo.
8:57 of 3rd period - Stopped by Frederik Andersen with a rebound.
8:59 of 3rd period - Wrist shot by Jordan Nolan.
8:59 of 3rd period - Shot Misses the Net.
9:01 of 3rd period - Wrist shot by Jordan Nolan.
9:01 of 3rd period - Stopped by Frederik Andersen with a rebound.
9:03 of 3rd period - Snap shot by Andy Rogers.
9:03 of 3rd period - Deflect By Daniel Carcillo.
9:03 of 3rd period - Stopped by Frederik Andersen with a rebound.
9:19 of 3rd period - Snap shot by Daniel Carcillo.
9:19 of 3rd period - Stopped by Frederik Andersen with a rebound.
9:21 of 3rd period - Wrist shot by Steve Bernier.
9:21 of 3rd period - Shot Misses the Net.
9:39 of 3rd period - Snap shot by Jordan Nolan.
9:39 of 3rd period - Stopped by Frederik Andersen with a rebound.
9:41 of 3rd period - Slapshot by Jordan Nolan.
9:41 of 3rd period - Stopped by Frederik Andersen without a rebound.
9:42 of 3rd period - Robert Nilsson wins face-off versus Sean Couturier in Rangers zone.
9:44 of 3rd period - Minor Penalty to Henrik Zetterberg for Hooking.
9:45 of 3rd period - Patrice Bergeron wins face-off versus Robert Nilsson in Lightning zone.
10:04 of 3rd period - Danny Richmond is hit by Gustav Nyquist and loses puck.
11:09 of 3rd period - Gustav Nyquist is hit by Gabriel Landeskog and loses puck.
11:44 of 3rd period - Penalty to Henrik Zetterberg is over, Henrik Zetterberg is back on ice.
12:35 of 3rd period - Snap shot by Mikael Backlund.
12:35 of 3rd period - Stopped by Frederik Andersen without a rebound.
12:36 of 3rd period - Pierre-Luc Létourneau wins face-off versus Stephen Weiss in Rangers zone.
12:39 of 3rd period - Slapshot by Justin Schultz.
12:39 of 3rd period - Shot Misses the Net.
12:47 of 3rd period - Slapshot by Justin Schultz.
12:47 of 3rd period - Stopped by Frederik Andersen with a rebound.
14:05 of 3rd period - Wrist shot by Robert Nilsson.
14:05 of 3rd period - Shot Blocked by Luke Schenn.
14:07 of 3rd period - Snap shot by Kris Versteeg.
14:07 of 3rd period - Shot Blocked by Luke Schenn.
14:09 of 3rd period - Snap shot by Kris Versteeg.
14:09 of 3rd period - Shot Misses the Net.
14:25 of 3rd period - Matt Greene is hit by Reilly Smith and loses puck.
15:03 of 3rd period - Wrist shot by Artem Anisimov.
15:03 of 3rd period - Stopped by Jaroslav Halak without a rebound.
15:04 of 3rd period - Jordan Nolan wins face-off versus Sean Couturier in Lightning zone.
15:19 of 3rd period - Snap shot by Alex Tanguay.
15:19 of 3rd period - Stopped by Jaroslav Halak with a rebound.
15:31 of 3rd period - Wrist shot by Sheldon Keefe.
15:31 of 3rd period - Deflect By Jan Bulis.
15:31 of 3rd period - Stopped by Frederik Andersen without a rebound.
15:32 of 3rd period - Jan Bulis wins face-off versus Patrice Bergeron in Rangers zone.
15:57 of 3rd period - Kris Versteeg is hit by Alex Tanguay and loses puck.
16:51 of 3rd period - Colten Teubert is hit by Pierre-Luc Létourneau and loses puck.
17:45 of 3rd period - Wrist shot by Jordan Nolan.
17:45 of 3rd period - Shot Misses the Net.
18:47 of 3rd period - Wrist shot by Sheldon Keefe.
18:47 of 3rd period - Goal by Sheldon Keefe - Lightning : 3 - Rangers : 2.
18:48 of 3rd period - Milan Lucic wins face-off versus Kris Versteeg in neutral zone.
18:50 of 3rd period - Off-side.
18:51 of 3rd period - Michel Therrien call a timeout for Rangers.
18:51 of 3rd period - Robert Nilsson wins face-off versus Milan Lucic in neutral zone.
19:38 of 3rd period - Wrist shot by Kris Versteeg.
19:38 of 3rd period - Stopped by Frederik Andersen with a rebound.
19:40 of 3rd period - Slapshot by Kris Versteeg.
19:40 of 3rd period - Stopped by Frederik Andersen with a rebound.
19:42 of 3rd period - Snap shot by Kris Versteeg.
19:42 of 3rd period - Deflect By Henrik Zetterberg.
19:42 of 3rd period - Shot Hit the Post.
19:42 of 3rd period - Puck is out of play.
19:43 of 3rd period - Robert Nilsson wins face-off versus Milan Lucic in Rangers zone.
19:44 of 3rd period - Snap shot by Henrik Zetterberg.
19:44 of 3rd period - Goal by Henrik Zetterberg - Lightning : 4 - Rangers : 2.
19:45 of 3rd period - Sean Couturier wins face-off versus Jan Bulis in neutral zone.
19:56 of 3rd period - Snap shot by Sean Couturier.
19:56 of 3rd period - Shot Blocked by Andy Rogers.
19:58 of 3rd period - Slapshot by Alex Tanguay.
19:58 of 3rd period - Goal by Alex Tanguay - Lightning : 4 - Rangers : 3.
19:59 of 3rd period - Robert Nilsson wins face-off versus Milan Lucic in neutral zone.
Goals for this period are 2 for Lightning vs 1 for Rangers.
Shots for this period are 16 for Lightning vs 5 for Rangers.